 Dungeon Crawl Stone Soup version 0.30-b1-2-g02819fbbbe (webtiles) character file.

Game seed: 9672535134658720118

124054 ketsa the Warrior (level 16, -4/110 HPs)
             Began as a Gargoyle Fighter on May 9, 2023.
             Was the Champion of Makhleb.
             Slain by a spark wasp (5 damage)
             ... on level 2 of the Spider Nest on May 10, 2023.
             The game lasted 02:52:18 (38120 turns).

ketsa the Warrior (Gargoyle Fighter)               Turns: 38120, Time: 02:52:19

Health: -4/110     AC: 46    Str: 25 (26) XL:     16   Next: 92%
Magic:  1/24       EV: 11    Int: 11      God:    Makhleb [******]
Gold:   2412       SH:  7    Dex: 12      Spells: 14/15 levels left

rFire   . . .        P - +3 demon whip of the Ageing Sybil {freeze, Dex+3 SInv Stlth-}
rCold   + . .        r - +2 buckler {AC+3}
rNeg    + . .        S - +8 chain mail of Rallemn {rF+}
rPois   ∞            F - +1 helmet
rElec   +            K - +0 cloak
rCorr   .            (no gloves)
SInv    +            U - +0 pair of boots
Will    +....        (no amulet) Stlth
                     u - +4 ring of protection
HPRegen 0.38/turn    C - ring of ice
MPRegen 0.19/turn

%: no passive effects
@: flying
A: sickness immunity, AC +12, big wings, negative energy resistance 1,
electricity resistance, torment resistance 1, petrification resistance
a: Renounce Religion, Minor Destruction, Lesser Servant of Makhleb, Major
Destruction, Greater Servant of Makhleb


You were on level 2 of the Spider Nest.
You worshipped Makhleb.
Makhleb was exalted by your worship.
You visited 9 branches of the dungeon, and saw 30 of its levels.

You collected 3246 gold pieces.
You spent 834 gold pieces at shops.

Inventory:

Hand Weapons
 w - a +1 whip of freezing
 x - the +7 staff of the Meek {protect, meekguard}
   (You found it on level 3 of the Dungeon)
 A - a +3 heavy flail
 B - a +0 morningstar
 P - the +3 demon whip of the Ageing Sybil (weapon) {freeze, Dex+3 SInv Stlth-}
   (You acquired it on level 3 of the Lair of Beasts)

   Dex:       It affects your dexterity (+3).
   SInv:      It lets you see invisible.
   Stlth:     It makes you less stealthy.
 Z - a +1 dire flail of draining
Missiles
 e - 17 boomerangs
 E - 32 poisoned darts (quivered)
 H - 2 throwing nets
Armour
 i - a +0 ring mail of fire resistance
 r - a +2 buckler of protection (worn)
 F - a +1 helmet (worn)
 K - a +0 cloak (worn)
 S - the +8 chain mail of Rallemn (worn) {rF+}
   (You found it on level 1 of the Spider Nest)

   rF:        It protects you from fire.
 U - a +0 pair of boots (worn)
Jewellery
 q - a ring of resist corrosion
 t - an amulet of guardian spirit
 u - a +4 ring of protection (left hand)
 C - a ring of ice (right hand)
 Q - a ring of willpower
Wands
 h - a wand of polymorph (10)
 j - a wand of paralysis (12)
 k - a wand of mindburst (33)
 n - a wand of light (12)
 y - a wand of iceblast (17)
 Y - a wand of flame (9)
Scrolls
 m - 3 scrolls of blinking
 s - 6 scrolls of poison
 v - 3 scrolls of enchant weapon
 D - 2 scrolls of brand weapon
 I - 5 scrolls of enchant armour
 J - 5 scrolls of teleportation
 L - 4 scrolls of amnesia
 M - 2 scrolls of fog
 O - 5 scrolls of fear
 T - 15 scrolls of identify
 V - 4 scrolls of magic mapping
Potions
 a - a potion of brilliance
 b - a potion of resistance
 d - 3 potions of might
 f - a potion of haste
 g - 2 potions of lignification
 l - 17 potions of curing
 o - a potion of berserk rage
 z - 7 potions of attraction
 G - a potion of magic
 R - 2 potions of invisibility
Miscellaneous
 c - a piece from Xom's chessboard (14/15)
 W - a phantom mirror


   Skills:
 + Level 16.2 Fighting
 - Level 13.6 Maces & Flails
 - Level 6.5 Throwing
 + Level 15.8 Armour
 + Level 6.4 Dodging
 - Level 5.0 Stealth
 - Level 5.0 Shields
 - Level 5.2 Translocations
 + Level 11.2 Invocations
 + Level 6.7 Evocations


You had 14 spell levels left.
You knew the following spells:

 Your Spells              Type           Power      Damage    Failure   Level
a - Apportation           Tloc           22%        N/A       16%         1

Your spell library contained the following spells:

 Spells                   Type           Power      Damage    Failure   Level
 Freeze                   Ice            0%         1d3       80%         1
 Necrotise                Necr           0%         1d4       80%         1
 Summon Small Mammal      Summ           0%         N/A       80%         1
 Manifold Assault         Tloc           11%        N/A       85%         4
 Poisonous Vapours        Pois/Air       0%         N/A       90%         2
 Call Canine Familiar     Summ           0%         N/A       99%         3
 Frozen Ramparts          Ice            0%         1d1       99%         3
 Hailstorm                Conj/Ice       0%         3d3       99%         3
 Mephitic Cloud           Conj/Pois/Air  0%         N/A       99%         3
 Summon Guardian Golem    Hex/Summ       0%         N/A       99%         3
 Vampiric Draining        Necr           0%         2d6       99%         3
 Anguish                  Hex/Necr       0%         N/A       100%        4
 Cause Fear               Hex            0%         N/A       100%        4
 Summon Ice Beast         Ice/Summ       0%         N/A       100%        4
 Agony                    Necr           0%         N/A       100%        5
 Freezing Cloud           Conj/Ice/Air   0%         6-21      100%        5
 Summon Mana Viper        Hex/Summ       0%         N/A       100%        5
 Conjure Ball Lightning   Conj/Air       0%         3x3d6     100%        6
 Dispersal                Tloc           5%         N/A       100%        6
 Enfeeble                 Hex            0%         N/A       100%        7
 Monstrous Menagerie      Summ           0%         N/A       100%        7
 Discord                  Hex            0%         N/A       100%        8
 Disjunction              Tloc           5%         N/A       100%        8


Dungeon Overview and Level Annotations

Branches:
Dungeon (15/15)            Temple (1/1) D:7            Lair (5/5) D:8
  Swamp (1/4) Lair:3       Spider (3/4) Lair:3        Slime (1/5) Lair:4
    Orc (2/2) D:9             Elf (1/3) Orc:2        Vaults (0/5) D:13
 Depths (1/4) D:15

Altars:
Ashenzari
Cheibriados
Dithmenos
Elyvilon
Fedhas
Gozag
Hepliaklqana
Kikubaaqudgha
Makhleb
Nemelex Xobeh
Okawaru
Qazlal
Ru
Sif Muna
Trog
Uskayaw
Vehumet
Wu Jian
Xom
Yredelemnul
Zin
The Shining One
Jiyva

Shops:
D:5 *   D:6 *=?*[   D:12 [[=[   Orc:2 =!?[

Annotations:
D:10 Erica
D:11 2 transporters, Dirian's ghost, journeyman MiFi
D:12 1 runed translucent door
Lair:2 exclusion: 2 oklob plants
Lair:3 1 runed translucent door, Deed's ghost, journeyman MiFi


Innate Abilities, Weirdness & Mutations

You are immune to sickness and miasma.
Your stone body is resilient. (AC +12)
You are immune to poison.
Your large and strong wings let you fly.
You resist negative energy. (rN+)
You are resistant to electric shocks. (rElec)
You are resistant to unholy torment.
You are immune to petrification.


Message History

The broodmother attacks as you move away!
The broodmother closely misses you.
The ghost moth hits you but does no damage. x2
The ghost moth closely misses you.
The spark wasp attacks as you move away!
The spark wasp stings you but does no damage.
The ghost moth stares at you.
You feel your power leaking away.
The spark wasp stings you but does no damage.
You see here a +0 great sword.
The spark wasp attacks as you move away!
The spark wasp stings you but does no damage.
The ghost moth attacks as you move away!
The ghost moth hits you but does no damage.
The ghost moth misses you. The ghost moth closely misses you.
The broodmother bites you!!
* * * LOW HITPOINT WARNING * * *
You feel much better. The spark wasp stings you!
* * * LOW HITPOINT WARNING * * *
The spark wasp shocks you. You resist.
* * * LOW HITPOINT WARNING * * *
The broodmother bites you but does no damage.
The ghost moth stares at you. You block the spark wasp's attack.
The spark wasp attacks as you move away!
The spark wasp stings you!
* * * LOW HITPOINT WARNING * * *
The spark wasp shocks you. You resist.
* * * LOW HITPOINT WARNING * * *
The broodmother attacks as you move away!
The broodmother barely misses you. The ghost moth stares at you.
You feel much better. The spark wasp closely misses you.
The broodmother summons a spider!
You block the spark wasp's attack.
A demon appears!
The culicivora bites you!
* * * LOW HITPOINT WARNING * * *
The spark wasp stings you!
* * * LOW HITPOINT WARNING * * *
The spark wasp shocks you. You resist.
You die...

######## ## #
############......#### .#
....#......^#2...........#
#...
#...:..yy#s.#..##..###.#
s.# #...#..##@..#####..#
#.# #...##..#..## ##.# ^.#
#.. #.###... ##.# ^# #..
... ##..# #..# # #### ##
..######.^ ##.# . #.#
##.##...#...#..# ### #.##
...##..# ..#..#####.. ...#
#...# ^#..#^.#... #.##
#...#####...#.....


You could see a ghost moth (invisible), a spark wasp, a culicivora (summoned,
ally target) and a friendly balrug (summoned).

Vanquished Creatures
  Arachne (Spider:2)
  A sphinx (Elf:1)
  Kirke (Spider:2)
  A frost giant (Depths:1)
  A ghost moth (Spider:2)
  An orc warlord (Orc:2)
  A broodmother (Spider:2)
  2 very ugly things (Depths:1)
  A spark wasp (Spider:2)
  2 ettins (Orc:2)
  An eidolon (Elf:1)
  A fire dragon (Lair:5)
  Josephine (D:15)
  2 entropy weavers (Spider:2)
  A hydra (D:15)
  3 catoblepae
  3 ogre magi
  2 centaur warriors
  4 two-headed ogres
  6 boulder beetles
  2 tengu warriors
  2 death yaks (Lair:4)
  A dancing weapon (Elf:1)
  2 orc high priests
  2 shock serpents (Elf:1)
  2 skysharks
  Urug (D:10)
  3 pharaoh ants
  An orb spider (Spider:1)
  A swamp dragon (Lair:5)
  A wizard (D:15)
  2 deep trolls
  3 steelbarb worms
  3 deep elf archers (Elf:1)
  A necromancer (D:15)
  A lindwurm (Lair:3)
  7 deep elf zephyrmancers
  8 wolf spiders
  14 orc sorcerers
  11 deep elf pyromancers
  A manticore (D:13)
  5 ugly things
  4 cyclopes
  A moth of wrath (Spider:2)
  3 elephants
  A torpor snail (Lair:1)
  Joseph (D:10)
  A centaur zombie (D:15)
  A torpor snail (shapeshifter) (Elf:1)
  5 black mambas
  8 cane toads
  3 demonic crawlers
  A gargoyle (D:14)
  2 unseen horrors
  9 rime drakes
  3 centaur skeletons (D:15)
  8 komodo dragons
  3 kobold demonologists (D:12)
  2 tengu conjurers
  An efreet (D:14)
  8 trolls
  2 meliai
  3 hornets (Lair:3)
  10 polar bears
  A tyrant leech (Lair:3)
  10 tarantellas
  A dream sheep (D:13)
  19 blink frogs
  7 jumping spiders
  12 slime creatures
  10 culicivoras
  A shadow (D:10)
  3 spriggans (Lair:3)
  A water elemental (Elf:1)
  5 wraiths
  2 vampires (D:10)
  A wyvern (D:13)
  2 basilisks
  47 yaks
  5 hogs
  26 redbacks
  2 wargs (Orc:2)
  A steam dragon (D:8)
  5 vampire mosquitoes
  Edmund (D:5)
  6 acid dragons
  12 water moccasins
  24 orc warriors
  2 sky beasts
  2 swamp drakes
  4 ice beasts
  4 black bears (D:13)
  18 ogres
  15 wolves
  A tengu (D:14)
  16 centaurs
  4 kobold brigands
  14 bullfrogs
  2 gnoll sergeants
  9 scorpions
  A jelly (D:6)
  5 wights (D:8)
  3 killer bees (D:10)
  2 electric eels
  8 howler monkeys
  2 gnoll boudas
  14 orc priests
  6 hounds
  An iguana (Lair:5)
  33 orc wizards
  A boggart simulacrum (D:13)
  27 gnolls
  7 adders
  3 white imps
  An ufetubus (D:5)
  2 worms (Lair:2)
  4 dart slugs
  66 orcs
  3 ball pythons
  3 bats
  4 endoplasms
  3 giant cockroaches
  3 goblins
  11 hobgoblins
  24 kobolds
  2 quokkas
  2 frilled lizards
  2 rats
728 creatures vanquished.

Vanquished Creatures (collateral kills)
  An emperor scorpion (Spider:2)
  An ironbound preserver (D:13)
  A great orb of eyes (Elf:1)
  2 hydras (D:14)
  A boulder beetle (Lair:2)
  Lodul (D:9)
  A wolf spider (Spider:2)
  3 ugly things
  A gargoyle (D:13)
  3 meliai (Spider:2)
  A blink frog (Lair:2)
  A centaur (D:14)
17 creatures vanquished.

Vanquished Creatures (others)
  A deep elf knight (Elf:1)
  A scorpion (Lair:2)
  An orc wizard (D:10)
  2 orcs
  58 fungi
  79 plants
142 creatures vanquished.

Grand Total: 887 creatures vanquished

Notes
Turn   | Place    | Note
-------+----------+-------------------------------------------
     0 | D:1      | ketsa the Gargoyle Fighter began the quest for the Orb.
     0 | D:1      | Reached XP level 1. HP: 14/14 MP: 1/1
   194 | D:1      | Reached XP level 2. HP: 19/19 MP: 2/2
  1092 | D:2      | Reached XP level 3. HP: 22/23 MP: 3/3
  1297 | D:2      | Found a faded altar of an unknown god.
  1305 | D:2      | Prayed at the altar of an unknown god.
  1305 | D:2      | Became a worshipper of Makhleb the Destroyer
  1305 | D:2      | Reached * piety under Makhleb
  1456 | D:2      | Found an ancient bone altar of Kikubaaqudgha.
  2163 | D:3      | Reached XP level 4. HP: 28/28 MP: 4/4
  2663 | D:3      | Found the +7 staff of the Meek {protect, meekguard}
  2812 | D:4      | Reached skill level 5 in Maces & Flails
  2894 | D:3      | Reached XP level 5. HP: 29/32 MP: 5/5
  3510 | D:4      | Noticed a centaur
  3635 | D:4      | Reached XP level 6. HP: 37/37 MP: 6/6
  3647 | D:5      | Entered Level 5 of the Dungeon
  3866 | D:4      | Found a hazy altar of Hepliaklqana.
  4487 | D:5      | Reached ** piety under Makhleb
  4530 | D:5      | Reached XP level 7. HP: 42/42 MP: 7/7
  4756 | D:5      | Reached skill level 4 in Fighting
  4811 | D:5      | Reached skill level 5 in Shields
  4907 | D:5      | You fall into a shaft and drop 3 floors!
  5379 | D:8      | Reached skill level 5 in Fighting
  5379 | D:8      | Reached XP level 8. HP: 44/49 MP: 8/8
  5535 | D:8      | Noticed a komodo dragon
  5847 | D:7      | Reached skill level 6 in Fighting
  5847 | D:7      | Reached skill level 1 in Stealth
  5934 | D:7      | Found a staircase to the Ecumenical Temple.
  5940 | Temple   | Entered the Ecumenical Temple
  6446 | D:7      | Reached skill level 5 in Armour
  6446 | D:7      | Reached XP level 9. HP: 52/56 MP: 9/9
  6617 | D:6      | Found Niveoff's Magic Scroll Shop.
  6770 | D:7      | Reached *** piety under Makhleb
  7020 | D:5      | Noticed Edmund
  7423 | D:5      | Found Locuisur's Assorted Antiques.
  7467 | D:5      | Reached skill level 7 in Fighting
  7896 | D:6      | Found Duotud's General Store.
  7944 | D:6      | Noticed a troll
  7985 | D:5      | Killed Edmund
  7986 | D:5      | Reached skill level 1 in Invocations
  8580 | D:6      | Found Hemio's Armour Boutique.
  8934 | D:6      | Found Bienoim's Jewellery Emporium.
  8946 | D:6      | Found a transporter.
  8968 | D:6      | Found Rofrud's General Store.
  8970 | D:6      | Found a transporter.
  9113 | D:6      | Killed a troll
  9114 | D:6      | Reached skill level 8 in Fighting
  9114 | D:6      | Reached XP level 10. HP: 64/64 MP: 10/12
  9701 | D:8      | Found a staircase to the Lair.
  9768 | D:9      | Noticed a two-headed ogre
  9795 | D:9      | Killed a two-headed ogre
  9796 | D:9      | Reached skill level 10 in Maces & Flails
  9872 | Lair:1   | Entered Level 1 of the Lair of Beasts
 10098 | D:8      | Reached skill level 9 in Fighting
 10216 | D:8      | Reached **** piety under Makhleb
 10217 | D:8      | Reached skill level 5 in Invocations
 11043 | D:9      | Found a broken altar of Ashenzari.
 11043 | D:9      | Found a stormy altar of Qazlal.
 11044 | D:9      | Found a glowing golden altar of the Shining One.
 11166 | D:9      | Killed an unseen horror
 11212 | D:10     | Entered Level 10 of the Dungeon
 11708 | D:9      | Reached XP level 11. HP: 72/72 MP: 15/15
 11854 | D:9      | Found a staircase to the Orcish Mines.
 11935 | Lair:1   | Reached skill level 10 in Fighting
 12352 | Lair:1   | Noticed a catoblepas
 12401 | Lair:1   | Killed a catoblepas
 12524 | Lair:1   | Reached ***** piety under Makhleb
 12949 | Lair:2   | Noticed a boulder beetle
 13761 | Orc:1    | Entered Level 1 of the Orcish Mines
 13771 | Orc:2    | Entered Level 2 of the Orcish Mines
 13771 | Orc:2    | Found a staircase to the Elven Halls.
 13786 | Elf:1    | Entered Level 1 of the Elven Halls
 13791 | Elf:1    | Noticed a deep elf pyromancer
 13791 | Elf:1    | Noticed a deep elf zephyrmancer
 13791 | Elf:1    | Noticed a deep elf pyromancer
 13791 | Elf:1    | Noticed a deep elf pyromancer
 14703 | D:6      | Bought a scroll of acquirement for 624 gold pieces
 14703 | D:6      | Acquired 697 gold pieces
 14708 | D:6      | Bought a scroll of teleportation for 36 gold pieces
 14708 | D:6      | Bought a scroll of teleportation for 36 gold pieces
 14708 | D:6      | Bought a scroll of fear for 48 gold pieces
 14893 | D:10     | Noticed Urug
 14910 | D:10     | Noticed a two-headed ogre
 14916 | D:10     | Killed Urug
 14917 | D:10     | Reached skill level 11 in Fighting
 14926 | D:10     | Killed a two-headed ogre
 14927 | D:10     | Reached XP level 12. HP: 18/80 MP: 17/17
 14952 | D:10     | Noticed Erica
 15408 | D:10     | Noticed Joseph
 15415 | D:10     | Noticed Lodul
 15423 | D:10     | Killed Joseph
 15424 | D:10     | Reached skill level 1 in Evocations
 15682 | D:9      | Killed Lodul
 16420 | D:11     | Found a transporter.
 17679 | Lair:2   | Identified the +0 ring mail of Snakes and Ladders {rPois
                  | Will- Regen+ rCorr}
 17749 | Lair:3   | Noticed a skyshark
 17766 | Lair:3   | Killed a skyshark
 17824 | Lair:3   | Noticed a boulder beetle
 17902 | Lair:3   | Acquired the +3 demon whip of the Ageing Sybil {freeze,
                  | Dex+3 SInv Stlth-}
 18153 | Lair:2   | Killed a boulder beetle
 18154 | Lair:2   | Reached XP level 13. HP: 36/85 MP: 19/19
 18156 | Lair:2   | Reached skill level 5 in Evocations
 18632 | Lair:2   | Found a blossoming altar of Fedhas.
 18752 | Lair:2   | Reached skill level 12 in Fighting
 18861 | Lair:1   | Reached skill level 1 in Dodging
 19431 | Lair:3   | Found a runed translucent door.
 19434 | Lair:3   | Noticed Deed's ghost (journeyman MiFi)
 19443 | Lair:3   | Found a hole to the Spider Nest.
 19452 | Spider:1 | Entered Level 1 of the Spider Nest
 19454 | Spider:1 | Identified the +8 chain mail of Rallemn {rF+}
 19810 | Lair:3   | Found a staircase to the Swamp.
 19821 | Swamp:1  | Entered Level 1 of the Swamp
 20160 | Lair:3   | Reached skill level 10 in Armour
 20580 | Lair:4   | Found a viscous altar of Jiyva.
 20581 | Lair:4   | Found a staircase to the Slime Pits.
 20638 | Slime:1  | Entered Level 1 of the Pits of Slime
 21361 | Lair:5   | Entered Level 5 of the Lair of Beasts
 22692 | Lair:5   | Reached skill level 13 in Fighting
 22743 | Lair:5   | Gained mutation: Your large and strong wings let you fly.
                  | [Gargoyle growth]
 22743 | Lair:5   | Reached XP level 14. HP: 94/94 MP: 20/20
 23102 | Lair:5   | Noticed a cacodemon
 24195 | Orc:2    | Noticed an orc warlord
 24773 | D:11     | Learned a level 1 spell: Apportation
 24952 | D:11     | Found a bloodstained altar of Trog.
 24952 | D:11     | Noticed Dirian's ghost (journeyman MiFi)
 24962 | D:11     | Found a transporter.
 25103 | D:12     | Found Ompauwk's Armour Boutique.
 25131 | D:12     | Found Ufurgh's Jewellery Shop.
 25167 | D:12     | Found Culiuc's Armour Boutique.
 25211 | D:12     | Found a runed translucent door.
 25212 | D:12     | Noticed a frost giant
 25213 | D:12     | Noticed a fire giant
 25583 | D:12     | Found Ingucs's Antique Armour Emporium.
 25743 | D:12     | Reached skill level 5 in Dodging
 25743 | D:12     | Reached skill level 1 in Translocations
 26131 | D:13     | Found a huge runed translucent gate.
 26132 | D:13     | Found a huge runed translucent gate.
 26132 | D:13     | Found a huge runed translucent gate.
 26132 | D:13     | Found a huge runed translucent gate.
 26656 | D:13     | Reached skill level 1 in Throwing
 26736 | D:13     | Found a gate to the Vaults.
 26736 | D:13     | Noticed an ironbound preserver
 26767 | D:13     | Killed an ironbound preserver
 27346 | D:13     | Reached skill level 5 in Stealth
 27453 | D:13     | Reached skill level 10 in Invocations
 27589 | D:15     | Entered Level 15 of the Dungeon
 28039 | D:14     | Reached skill level 14 in Fighting
 28039 | D:14     | Reached XP level 15. HP: 76/100 MP: 22/22
 29330 | Orc:2    | Killed an orc warlord
 29453 | Orc:2    | Found a runed translucent door.
 29521 | Orc:2    | Found Ygajib's Magic Scroll Boutique.
 29532 | Orc:2    | Reached ****** piety under Makhleb
 29563 | Orc:2    | Found Emojuig's Antique Armour Shop.
 29589 | Orc:2    | Bought a scroll of blinking for 90 gold pieces
 29602 | Orc:2    | Found a radiant altar of Vehumet.
 29625 | Orc:2    | Found Foosch's Distillery.
 29702 | Orc:2    | Found an ancient bone altar of Kikubaaqudgha.
 29855 | Orc:2    | Found Tiukewn's Jewellery Shop.
 30126 | Orc:2    | Reached skill level 5 in Translocations
 30854 | Lair:3   | Reached skill level 5 in Throwing
 31551 | Elf:1    | Reached skill level 15 in Fighting
 32222 | Elf:1    | Noticed a sphinx
 32520 | D:15     | Found a staircase to the Depths.
 32531 | Depths:1 | Entered Level 1 of the Depths
 32586 | Depths:1 | Noticed a frost giant
 32647 | Depths:1 | Killed a frost giant
 32648 | Depths:1 | Reached XP level 16. HP: 43/108 MP: 23/23
 32966 | D:15     | Reached skill level 15 in Armour
 33233 | D:15     | Noticed Josephine
 33247 | D:15     | Killed Josephine
 33689 | Elf:1    | Killed a sphinx
 33694 | Elf:1    | Paralysed by a great orb of eyes for 5 turns
 34131 | Elf:1    | Noticed an Executioner
 35584 | Spider:2 | Noticed Kirke
 35995 | Spider:2 | Killed Kirke
 36767 | Spider:2 | Reached skill level 16 in Fighting
 37966 | Spider:2 | Noticed Arachne
 37992 | Spider:2 | Killed Arachne
 38120 | Spider:2 | HP: 1/110 [spark wasp (12)]
 38120 | Spider:2 | Slain by a spark wasp

Illustrated notes

Levels and vault maps discovered:
D:1:      eino_arrival_water_cross, layout_loops_corners
D:2:      layout_loops_ring, basic_altar, basic_ecumenical_altar,
          nicolae_kite_square_tiling_tiny, chequers_serial_rivers_large_b
D:3:      layout_loops_corners, pf_guarded_unrand_meek
D:4:      minmay_general_purpose_star, layout_rooms, kennysheep_mini,
          serial_bayou_crossing
D:5:      layout_gridville, serial_shops, shop_coins,
          nicolae_concentric_dashed_squares_wild, uniq_edmund
D:6:      layout_cave_pools, serial_shops, shop,
          nicolae_shop_pleasant_corner_grove, nicolae_lakefront_shop,
          nicolae_shop_drivethru, nicolae_shop_pleasant_corner_grove,
          kennysheep_generic_room_7
D:7:      layout_basic, temple_green, grunt_ministairs_6
D:8:      layout_basic, due_lair_maze_entry_diamond, hangedman_decor_opposing,
          centaur_isle
D:9:      layout_roguey, gammafunk_temple_overflow_forgotten, erik_orc_2
D:10:     layout_loops_ring, uniq_lodul, uniq_joseph, uniq_erica, uniq_urug
D:11:     layout_irregular_city, gammafunk_ghost_wrathful_warriors
D:12:     layout_loops_cross, serial_shops, shop, shop, shop,
          nicolae_shop_gaudy_bauble, kennysheep_treasure_room
D:13:     lemuel_bear_cage, layout_basic, skrybe_vaults_entry_preservation
D:14:     layout_long_grid, hangedman_abyss_or_decor_jellyfish_corner
D:15:     grunt_enter_depths_magical_seal, layout_basic,
          dreamdust_princess_bridge, uniq_josephine
Temple:   dpeg_five_rooms_temple
Lair:1:   layout_cave_pods
Lair:2:   layout_chaotic_city, hangedman_tree_tricks, serial_bayou_shore_a,
          serial_bayou_shore_b, grunt_megastairs_3, infiniplex_staircase_pool_2
Lair:3:   layout_gridlike, minmay_swamp_entry_swarm,
          nicolae_spider_entry_non_spiders, ebering_ghost_reflecting_pool,
          grunt_megastairs_1
Lair:4:   layout_hall_layers, slime_entry_1, beast_lair_carwin_11
Lair:5:   guppyfry_lair_end_dragon, layout_layer_cave
Swamp:1:  layout_basic_swamp, serial_swamp_ruin, evilmike_swamp_ruin_house_1,
          evilmike_swamp_ruin_house_6, evilmike_swamp_ruin_house_4
Spider:1: layout_spider_delve
Spider:2: nicolae_spider_hilbert_zone_2 [nicolae_spider_hilbert_4_sides_1_open,
          nicolae_spider_hilbert_4_sides_1_open,
          nicolae_spider_hilbert_4_sides_1_open,
          nicolae_spider_hilbert_4_sides_1_open,
          nicolae_spider_hilbert_6_sides_1_open,
          nicolae_spider_hilbert_6_sides_1_open,
          nicolae_spider_hilbert_3_sides_1_open,
          nicolae_spider_hilbert_3_sides_1_open,
          nicolae_spider_hilbert_3_sides_1_open,
          nicolae_spider_hilbert_3_sides_1_open,
          nicolae_spider_hilbert_6_sides_1_open,
          nicolae_spider_hilbert_6_sides_1_open,
          nicolae_spider_hilbert_6_sides_1_open,
          nicolae_spider_hilbert_6_sides_1_open],
          hellmonk_watch_for_rolling_rocks, uniq_kirke, uniq_arachne
Spider:3: layout_cave_pods, uniq_roxanne
Slime:1:  layout_caves, nicolae_slime_getting_an_eyeful
Orc:1:    layout_diamond_mine, library_closet
Orc:2:    kennysheep_orc_mage_school, layout_diamond_mine, basic_altar,
          lightli_church_of_beogh
Elf:1:    eino_elf_arrival_the_gate, layout_loops_cross,
          serial_hangedman_research, hangedman_research_thanatology,
          hangedman_research_convocations, hangedman_research_probablistics,
          hangedman_research_toxicology, hangedman_research_electronics,
          hangedman_elven_crosses_minicolossus, st_stairs_12,
          nicolae_concentric_dashed_squares_mild
Depths:1: layout_gridlike, hell_entry, abyss_entry_flame_altar,
          chequers_serial_rivers_micro_a, minmay_stone_trees_medium,
          lemuel_flame_loot_1, grunt_megastairs_5, minmay_shop_star,
          uniq_bai_suzhen, uniq_nikola

Skill      XL: |  1  2  3  4  5  6  7  8  9 10 11 12 13 14 15 16 |
---------------+-------------------------------------------------+-----
Maces & Flails | 3 4 5 6 7 8 9 10 12 13 | 13.6
Shields        | 4 5 |  5.0
Fighting       | 5 6 8 9 11 13 14 15 16 | 16.2
Armour         | 5 6 8 9 11 13 14 15 | 15.8
Stealth        | 2 4 5 |  5.0
Invocations    | 3 6 8 10 11 | 11.2
Evocations     | 4 5 6 |  6.7
Dodging        | 4 5 6 |  6.4
Translocations | 3 5 |  5.2
Throwing       | 2 6 |  6.5

Action                     |  1- 3 |  4- 6 |  7- 9 | 10-12 | 13-15 | 16-18 || total
---------------------------+-------+-------+-------+-------+-------+-------++-------
  Melee: Flail             |   103 |    82 |       |    44 |       |       ||   229
         Whip              |       |    64 |    21 |       |       |       ||    85
         Morningstar       |       |    18 |    73 |       |       |       ||    91
         Quarterstaff      |       |       |   245 |   716 |     1 |       ||   962
         Demon whip        |       |       |       |    41 |  1573 |   664 ||  2278
         Unarmed           |       |       |       |       |       |    16 ||    16
  Throw: Boomerang         |       |     4 |     2 |       |    21 |     1 ||    28
         Dart              |       |       |    14 |     9 |    30 |    23 ||    76
         Stone             |       |       |     5 |       |       |       ||     5
         Throwing net      |       |       |       |     1 |       |       ||     1
 Invoke: Greater Servant o |       |       |       |     1 |     3 |     4 ||     8
         Lesser Servant of |       |       |       |     1 |     3 |     1 ||     5
  Evoke: Wand              |       |       |     2 |     6 |     6 |       ||    14
         Piece from Xom's  |       |       |       |       |       |     2 ||     2
    Use: Scroll            |     2 |     2 |    16 |     8 |     8 |     3 ||    39
         Potion            |       |       |     1 |     2 |     2 |     4 ||     9
   Stab: Distracted        |       |       |       |     1 |     1 |       ||     2
         Petrified         |       |       |       |       |     5 |       ||     5
         Petrifying        |       |       |       |       |     1 |       ||     1
 Armour: Scale mail        |    58 |   111 |   306 |   606 |   108 |       ||  1189
         Chain mail        |       |       |       |       |   753 |   395 ||  1148
  Dodge: Dodged            |    38 |    91 |   173 |   450 |   549 |   270 ||  1571
  Block: Buckler           |    24 |    35 |    16 |       |   209 |   195 ||   479
